 Dungeon Crawl Stone Soup version 0.27.1-4-g1640c2035a (webtiles) character file.

Game seed: 1687327554238397785

86 Cykl0x the Skirmisher (level 4, -2/29 HPs)
             Began as a Gargoyle Fighter on Nov 14, 2021.
             Slain by Sigmund (11 damage)
             ... on level 2 of the Dungeon.
             The game lasted 00:02:59 (2213 turns).

Cykl0x the Skirmisher (Gargoyle Fighter)            Turns: 2213, Time: 00:02:59

Health: -2/29      AC: 11    Str: 21    XL:     4   Next: 49%
Magic:  4/4        EV:  7    Int:  8    God:
Gold:   55         SH: 10    Dex:  9    Spells: 3/3 levels left

rFire    . . .     SeeInvis .   a - +0 long sword
rCold    . . .     Faith    .   c - +1 kite shield
rNeg     + . .     Spirit   .   b - +0 scale mail
rPois    ∞         Reflect  .   (no helmet)
rElec    +         Harm     .   (no cloak)
rCorr    .         Rampage  .   (no gloves)
Will     .....                  h - +0 pair of boots
Stlth    ..........             (no amulet)
HPRegen  0.09/turn              (no ring)
MPRegen  0.09/turn              (no ring)

@: mighty
A: sickness immunity, AC +3, negative energy resistance 1, electricity
resistance, torment resistance 1, petrification resistance
a: no special abilities


You were on level 2 of the Dungeon.
You visited 1 branch of the dungeon, and saw 2 of its levels.

You collected 55 gold pieces.

Inventory:

Hand Weapons
 a - a +0 long sword (weapon)
Missiles
 i - 11 stones (quivered)
Armour
 b - a +0 scale mail (worn)
 c - a +1 kite shield (worn)
 h - a +0 pair of boots (worn)
Jewellery
 l - a +4 ring of protection
Scrolls
 m - a scroll of identify {unknown}
 n - a scroll of fog
Potions
 f - a potion of ambrosia {unknown}
 g - a potion of cancellation {unknown}
 j - a potion of attraction {unknown}
 k - a potion of haste {unknown}
 o - a potion of mutation {unknown}


   Skills:
 * Level 3.9 Fighting
 + Level 2.2 Long Blades
 * Level 1.2 Throwing
 + Level 3.4 Armour
 * Level 1.4 Dodging
 + Level 3.7 Shields


You had 3 spell levels left.
You didn't know any spells.
Your spell library contained the following spells:

 Spells                   Type           Power      Damage    Failure   Level
 Magic Dart               Conj           0%         1d3       99%         1
 Searing Ray              Conj           0%         3d3       100%        2
 Ozocubu's Armour         Ice            0%         N/A       100%        3
 Fulminant Prism          Conj/Hex       0%         3d6       100%        4
 Metabolic Englaciation   Hex/Ice        0%         N/A       100%        5
 Simulacrum               Ice/Necr       0%         N/A       100%        6


Dungeon Overview and Level Annotations

Branches:
Dungeon (2/15)

Altars:

Annotations:
D:2 Sigmund


Innate Abilities, Weirdness & Mutations

You are immune to sickness and miasma.
Your stone body is resilient. (AC +3)
You are immune to poison.
You resist negative energy. (rN+)
You are resistant to electric shocks. (rElec)
You are resistant to unholy torment.
You are immune to petrification.


Message History

You are confused.
Okay, then.
You throw a stone. Sigmund gestures at you while chanting.
You resist with some effort.
Sigmund points at you and mumbles some strange words.
The magic dart hits you. Sigmund hits you with a +0 scythe!
Ouch! That really hurt!
You bump into the rock wall.
You feel less confused. Sigmund barely misses you.
Sigmund points at you and mumbles some strange words.
The magic dart hits you.
There is an escape hatch in the floor here.
Things that are here:
an adder corpse; a rat corpse
Things that are here:
a +0 dagger; a kobold corpse Sigmund looks more healthy.
Sigmund gestures at you while chanting. The puff of flame hits you.
You aren't carrying any items that you can evoke.
Unknown command.
You feel very mighty all of a sudden. Sigmund hits you but does no damage.
Sigmund gestures wildly while chanting.
Sigmund flickers and vanishes!
Deactivating autopickup; reactivate with Ctrl-A.
You closely miss something.
You hear some strange, mumbled words.
Something tries to affect you, but you resist.
You miss something. Something hits you.
* * * LOW HITPOINT WARNING * * *
You miss something. Something hits you but does no damage.
Unknown command.
Something hits you but does no damage.
There is a stone staircase leading up here.
Something hits you!
You die...

.[.#### ##P.P...# #.##
......### ##..P♣♣♣.#
#..#### ....#...#
#.P.♣♣♣..# ##.##..
..)†###.# .#.....##
#..... ###..##.##
###.###...# ###...
.........###...# ##..#
##..
.......>†##..#####..##
#..
.....♣.♣♣)....{....##
#>. ....♣♣.P♣.######@###
#..
....♣♣♣.♣.######...#####
♣♣# ....♣
.♣............... ....♣
♣♣#.##########... ....♣
#..### .. ....♣ ##...#
###.# #.# #.#


There were no monsters in sight!

Vanquished Creatures
  2 adders (D:2)
  5 dart slugs (D:1)
  2 endoplasms (D:2)
  3 giant cockroaches (D:1)
  5 goblins
  8 hobgoblins
  2 jackals (D:1)
  A quokka (D:2)
  12 ball pythons
  4 bats
  A frilled lizard (D:1)
  3 kobolds (D:2)
  8 rats
56 creatures vanquished.

Vanquished Creatures (others)
  4 plants (D:2)
4 creatures vanquished.

Grand Total: 60 creatures vanquished

Notes
Turn   | Place    | Note
-------+----------+-------------------------------------------
     0 | D:1      | Cykl0x the Gargoyle Fighter began the quest for the Orb.
     0 | D:1      | Reached XP level 1. HP: 14/14 MP: 1/1
   242 | D:1      | Reached XP level 2. HP: 19/19 MP: 2/2
   794 | D:1      | Reached XP level 3. HP: 24/24 MP: 3/3
  1224 | D:1      | Reached skill level 1 in Dodging
  2014 | D:2      | Reached XP level 4. HP: 29/29 MP: 4/4
  2026 | D:2      | Reached skill level 1 in Throwing
  2174 | D:2      | Noticed Sigmund
  2213 | D:2      | Slain by Sigmund

Illustrated notes

Levels and vault maps discovered:
D:1:      lemuel_arrival_river_ford, layout_basic
D:2:      layout_rooms, serial_forest, infiniplex_forest_clump_double,
          infiniplex_forest_lined_2, infiniplex_forest_end_2,
          infiniplex_forest_clump_double, infiniplex_forest_zigzag_1,
          wad_floor_pattern_untrapped, minmay_fountain_box,
          minmay_stone_trees_small, minmay_surrounded, uniq_sigmund

Skill      XL: |  1  2  3  4 |
---------------+-------------+-----
Long Blades    | 2 |  2.2
Dodging        | 1 |  1.4
Throwing       | 1 |  1.2
Fighting       | |  3.9
Armour         | |  3.4
Shields        | |  3.7

Action                   |  1- 3 |  4- 6 || total
-------------------------+-------+-------++-------
Melee: Long sword        |   113 |    34 ||   147
Throw: Dart              |    66 |    13 ||    79
       Stone             |       |     1 ||     1
  Use: Scroll            |     5 |       ||     5
       Potion            |       |     1 ||     1
Armor: Scale mail        |    86 |    25 ||   111
Dodge: Dodged            |    42 |    11 ||    53
Block: Kite shield       |    79 |    15 ||    94
       Rpst.: Long sword |    21 |     4 ||    25
